 Seeded DCSS version 0.30.1-3-gfc49f6343a (webtiles) character file.

Game seed: 6351066067085065685 (custom seed)

377 Esekla the Grave Robber (level 6, 0/32 HPs)
             Began as a Deep Elf Necromancer on July 26, 2023.
             Was a Follower of Vehumet.
             Slain by an ogre
             ... wielding a +0 giant club
              (32 damage)
             ... on level 5 of the Dungeon.
             The game lasted 00:23:07 (3995 turns).

Esekla the Grave Robber (Deep Elf Necromancer)      Turns: 3995, Time: 00:23:08

Health: 0/32       AC:  4    Str:  5    XL:     6   Next: 45%
Magic:  16/16      EV: 13    Int: 22    God:    Vehumet [*.....]
Gold:   215        SH:  0    Dex: 15    Spells: 11/16 levels left

rFire   . . .        a - +2 dagger (vamp)
rCold   . . .        (no shield)
rNeg    . . .        n - +0 robe
rPois   .            j - +0 helmet
rElec   .            (no cloak)
rCorr   .            h - +0 pair of gloves
SInv    .            (no boots)
Will    .....        A - amulet of magic regeneration
Stlth   +++          (no ring)
HPRegen 0.25/turn    (no ring)
MPRegen 0.55/turn

%: no passive effects
@: no status effects
A: no striking features
a: Renounce Religion


You were on level 5 of the Dungeon.
You worshipped Vehumet.
Vehumet was aware of your devotion.
You visited 1 branch of the dungeon, and saw 5 of its levels.

You collected 215 gold pieces.

Inventory:

Hand Weapons
 a - a +2 vampiric dagger (weapon)
 r - a +0 trident
 s - the +5 rapier of the Hero {heavy, rN+ Dex+3}
   (You found it on level 3 of the Dungeon)

   Dex:       It affects your dexterity (+3).
   rN:        It protects you from negative energy.
Missiles
 w - 9 poisoned darts (quivered)
Armour
 h - a +0 pair of gloves (worn)
 j - a +0 helmet (worn)
 n - a +0 robe (worn)
Jewellery
 A - an amulet of magic regeneration (around neck)
Wands
 o - a wand of roots (16)
Scrolls
 c - a scroll of blinking {unknown}
 e - 2 scrolls of fear {unknown}
 l - a scroll of amnesia {unknown}
 m - a scroll of immolation {unknown}
 q - 2 scrolls of fog {unknown}
 t - 3 scrolls of enchant weapon {unknown}
 u - a scroll of summoning {unknown}
 v - a scroll of enchant armour {unknown}
 x - a scroll of silence {unknown}
 y - 3 scrolls of identify {unknown}
 z - a scroll of magic mapping {unknown}
Potions
 b - a potion of magic
 d - a potion of ambrosia {unknown}
 f - a potion of haste {unknown}
 g - 5 potions of curing {unknown}
 i - a potion of attraction {unknown}
 k - a potion of mutation {unknown}
 p - 3 potions of brilliance {unknown}
 B - a potion of lignification {unknown}


   Skills:
 + Level 1.4 Short Blades
 * Level 3.6 Dodging
 + Level 3.9 Stealth
 * Level 5.8 Spellcasting
 * Level 1.5 Conjurations
 * Level 6.4 Necromancy


You had 11 spell levels left.
You knew the following spells:

 Your Spells              Type           Power      Damage    Failure   Level
a - Magic Dart            Conj           52%        1d5       4%          1
b - Necrotise             Necr           100%       1d9       1%          1
d - Vampiric Draining     Necr           34%        2d8       1%          3

Your spell library contained the following spells:

 Spells                   Type           Power      Damage    Failure   Level
 Animate Dead             Necr           34%        N/A       7%          4
 Lesser Beckoning         Tloc           12%        N/A       14%         2
 Agony                    Necr           34%        N/A       19%         5
 Gell's Gravitas          Tloc           6%         N/A       28%         3
 Spider Form              Tmut/Pois      6%         N/A       28%         3
 Teleport Other           Tloc           6%         N/A       28%         3
 Cause Fear               Hex            3%         N/A       67%         4
 Summon Mana Viper        Hex/Summ       6%         N/A       95%         5


Dungeon Overview and Level Annotations

Branches:
Dungeon (5/15)
 Temple: D:4-7

Altars:
Dithmenos
Hepliaklqana
Okawaru
Qazlal
Trog
Vehumet
Zin
The Shining One

Shops:
D:2 =   D:4 (

Annotations:
D:2 black bear
D:4 gnolls & bouda


Message History

The adder bites you but does no damage.
Casting: Vampiric Draining (safe; 1% risk of failure)
Confirm with . or Enter, or press ? or * to list all spells.
Aiming: Vampiric Draining (safe; 1% risk of failure)
Press: ? - help, Shift-Dir - straight line, f - adder
Aim: an adder You draw life force from the adder.
You feel life coursing into your body.
You feel sick. The adder bites you but does no damage.
You miss the adder.
The adder is heavily wounded.
You feel sick. The adder bites you but does no damage.
Casting: Vampiric Draining (safe; 1% risk of failure)
Confirm with . or Enter, or press ? or * to list all spells.
Aiming: Vampiric Draining (safe; 1% risk of failure)
Press: ? - help, Shift-Dir - straight line, f/p - adder
Aim: an adder (heavily wounded)
You draw life force from the adder!
You kill the adder!
Vehumet accepts your kill.
You feel life coursing into your body.
You feel sick.
You feel sick.
You are no longer poisoned.
Found a stone staircase leading down.
o - a wand of roots (16) (gained 7 charges)
A hound comes into view.
An ogre comes into view. It is wielding a +0 giant club.
The helpless ogre fails to defend itself.
You puncture the ogre!
The ogre is heavily wounded.
The ogre barely misses you.
You barely miss the ogre.
The ogre is heavily wounded.
The ogre barely misses you.
You barely miss the ogre.
The ogre is heavily wounded.
You hit the ogre.
The ogre is severely wounded.
The ogre hits you with a +0 giant club!!
Ouch! That really hurt!
You die...

######### ###
......... ..#
.######## #.# ..#
#######.### #.###
#.........#
#...######.........#
#..........#####.#.#
#.#.######.# #.#
..#...# #.# #@#
#####.####.# #O#
..#......#.# #....#
..#..###.#.# ##..h#
.....# #...######...#
.....###............#
..#..>...#.######.#.#
........##.# #.#.#
..#.###.##.# #.#.#


You could see an ogre.

Vanquished Creatures
  3 hounds
  4 iguanas
  6 gnolls
  7 adders
  A worm (D:4)
  3 dart slugs
  6 orcs
  6 ball pythons
  3 endoplasms
  6 goblins
  5 hobgoblins
  A quokka (D:1)
  3 bats
  4 frilled lizards
  5 kobolds
  A rat (D:2)
64 creatures vanquished.

Notes
Turn   | Place    | Note
-------+----------+-------------------------------------------
     0 | D:1      | Esekla the Deep Elf Necromancer began the quest for the
                  | Orb.
     0 | D:1      | Reached XP level 1. HP: 10/10 MP: 6/6
    79 | D:1      | Reached skill level 5 in Necromancy
   316 | D:4      | Found a radiant altar of Vehumet.
   320 | D:4      | Became a worshipper of Vehumet
   400 | D:4      | Found a glowing golden altar of the Shining One.
   419 | D:4      | Found an iron altar of Okawaru.
   430 | D:4      | Found a glowing silver altar of Zin.
   543 | D:3      | Reached XP level 2. HP: 5/15 MP: 8/8
   945 | D:3      | Identified the +5 rapier of the Hero {heavy, rN+ Dex+3}
  1055 | D:2      | Found Renulab's Jewellery Shop.
  1078 | D:1      | Reached XP level 3. HP: 19/19 MP: 9/9
  1082 | D:1      | Learned a level 3 spell: Vampiric Draining
  1274 | D:2      | Noticed a black bear
  1276 | D:2      | Reached * piety under Vehumet
  1276 | D:2      | Offered knowledge of Magic Dart by Vehumet.
  1279 | D:2      | Learned a level 1 spell: Magic Dart
  1998 | D:3      | Found a stormy altar of Qazlal.
  2005 | D:3      | Reached XP level 4. HP: 21/24 MP: 7/11
  2031 | D:3      | Found a hazy altar of Hepliaklqana.
  2033 | D:3      | Found a bloodstained altar of Trog.
  2042 | D:3      | Reached skill level 1 in Short Blades
  2280 | D:4      | Found Ponaysk's Antique Weapon Boutique.
  2376 | D:4      | Reached skill level 1 in Conjurations
  2883 | D:2      | Reached XP level 5. HP: 19/28 MP: 9/13
  2898 | D:2      | Found a faded altar of an unknown god.
  3405 | D:4      | Reached skill level 6 in Necromancy
  3506 | D:5      | Entered Level 5 of the Dungeon
  3514 | D:5      | Got the Parchment of the Lumpy Olives
  3532 | D:5      | Found a shadowy altar of Dithmenos.
  3731 | D:5      | Reached skill level 5 in Spellcasting
  3731 | D:5      | Reached XP level 6. HP: 32/32 MP: 15/15
  3995 | D:5      | Slain by an ogre

Illustrated notes

Levels and vault maps discovered:
D:1:      sevenhm_arrival_forest_fort_small_3, layout_rooms,
          chequers_serial_rivers_room_b, minmay_misc_feat_five
D:2:      layout_loops_ring, dreamdust_ecumenical_altar_angels_and_demons,
          serial_shops, shop
D:3:      layout_basic, grunt_temple_overflow_open, minmay_misc_feat_iff
D:4:      layout_basic, nicolae_overflow_quartered_altars, serial_shops,
          nicolae_diamond_shop
D:5:      layout_loops_ring, lemuel_doored_altar, minmay_misc_feat_rows,
          dreamdust_wishing_well

Skill      XL: |  1  2  3  4  5 |
---------------+----------------+-----
Necromancy     | 5 6 |  6.4
Stealth        | 3 |  3.9
Short Blades   | 1 |  1.4
Dodging        | 3 |  3.6
Conjurations   | 1 |  1.5
Spellcasting   | 4 5 |  5.8

Action                     |  1- 3 |  4- 6 || total
---------------------------+-------+-------++-------
  Melee: Short sword       |    13 |       ||    13
         Unarmed           |     9 |       ||     9
         Dagger            |    33 |    41 ||    74
         Rapier            |    33 |    15 ||    48
         Punch             |       |     1 ||     1
  Throw: Dart              |       |     3 ||     3
   Cast: Magic Dart        |     9 |    14 ||    23
         Vampiric Draining |     4 |    20 ||    24
   Stab: Sleeping          |     7 |     5 ||    12
 Armour: Robe              |    13 |    11 ||    24
  Dodge: Dodged            |    63 |    42 ||   105
